 Dungeon Crawl Stone Soup version 0.20.0 (webtiles) character file.

4323 SpeedrunTech the Cleaver (level 10, -9/93 HPs)
             Began as a Minotaur Berserker on June 11, 2017.
             Was a Priest of Trog.
             Mangled by a basilisk (12 damage)
             ... on level 9 of the Dungeon.
             The game lasted 00:02:56 (3936 turns).

SpeedrunTech the Cleaver (Minotaur Berserker)       Turns: 3936, Time: 00:02:57

Health: -9/93      AC: 17    Str: 24    XL:     10   Next: 11%
Magic:  9/9        EV:  9    Int:  8    God:    Trog [***...]
Gold:   311        SH:  0    Dex: 10    Spells: 9/9 levels left

rFire    . . .     SeeInvis .   a - +0 hand axe
rCold    . . .     Gourm    .   (no shield)
rNeg     . . .     Faith    .   m - +7 chain mail "Cualy" {+Blink Int+3}
rPois    .         Spirit   .   (helmet restricted)
rElec    .         Reflect  .   (no cloak)
rCorr    .         Harm     .   (no gloves)
MR       .....                  (no boots)
Stlth    ..........             (no amulet)
Regen    0.3/turn               (no ring)
MPRegen  0.2/turn               (no ring)

@: lethally poisoned (-9 -> -13), berserk cooldown, slowed, very slow
A: retaliatory headbutt, horns 2
a: Berserk, Trog's Hand, Burn Spellbooks, Renounce Religion, Evoke Blink


You were on level 9 of the Dungeon.
You worshipped Trog.
Trog was most pleased with you.
You were not hungry.

You visited 1 branch of the dungeon, and saw 9 of its levels.

You collected 311 gold pieces.

Inventory:

Hand Weapons
 a - a +0 hand axe (weapon)
Armour
 m - the +7 chain mail "Cualy" (worn) {+Blink Int+3}
   (You found it on level 5 of the Dungeon)

   It affects your intelligence (+3).
   It lets you blink.
Scrolls
 d - a scroll of random uselessness {unknown}
 e - a scroll of remove curse
 i - 2 scrolls of identify {unknown}
 p - a scroll of recharging {unknown}
 q - a scroll of fear {unknown}
 s - a scroll of amnesia {unknown}
Potions
 b - a potion of mutation {unknown}
 g - a potion of brilliance {unknown}
 j - a potion of flight {unknown}
 k - a potion of haste {unknown}
 n - 3 potions of heal wounds {unknown}
 o - a potion of might
 r - a potion of berserk rage
Books
 t - a book of Callings

   Spells                             Type                      Level
   a - Summon Small Mammal            Summoning                    1
   b - Call Imp                       Summoning                    2
   c - Call Canine Familiar           Summoning                    3
   d - Summon Guardian Golem          Hexes/Summoning              3
   e - Summon Lightning Spire         Summoning/Air                4
   f - Summon Ice Beast               Ice/Summoning                4
   Trog disapproves of the use of such an item.
Comestibles
 c - 5 bread rations
 f - 2 meat rations
 h - 3 royal jellies
 l - 4 fruits


   Skills:
 + Level 10.2 Fighting
 * Level 13.7 Axes
 + Level 5.6 Armour
 - Level 2.1 Dodging


You had 9 spell levels left.
You didn't know any spells.

Dungeon Overview and Level Annotations

Branches:
Dungeon (9/15)             Temple (0/1) D:4
   Lair: D:8-11         Orc: D:9-12

Altars:
Ashenzari
Cheibriados
Makhleb
Okawaru
Yredelemnul


Innate Abilities, Weirdness & Mutations

You reflexively headbutt those who attack you in melee.
You have a pair of horns on your head.


Message History

The basilisk bites you.
* * * LOW HITPOINT WARNING * * *
The hippogriff completely misses you.
The hippogriff pecks you but does no damage.
The hippogriff claws you but does no damage.
The basilisk bites you but does no damage.
The hippogriff bites you but does no damage.
The hippogriff pecks you but does no damage.
The hippogriff claws you but does no damage.
You turn to flesh and can move again.
Unknown command.
Unknown command.
Unknown command.
Okay, then.
Okay, then.
It was a potion of berserk rage.
You're still recovering from your berserk rage.
* * * LOW HITPOINT WARNING * * *
You feel sick. The basilisk bites you!
You die...

..... #. #.#.#
##.. #.#.# .#..P
## #.#.## ..... .#
#. #.... ..... .#
#.##.#.####.#.# .#
#.##.#...†l..# .#
#......†.@H.#
)####
#....########
....####....######
.................#
............#.##.#
#######...#.#.##.
........#........
... ###
######..########.
#.# #.. #..# #.#
#..


You could see a hippogriff and a basilisk.

Vanquished Creatures
  A two-headed ogre (D:8)
  The ghost of SpeedrunTech the Cleaver, a novice MiBe of Trog (D:8)
  Pikel (D:6)
  A hornet (D:9)
  A wyvern (D:8)
  A yak (D:9)
  Menkaure (D:4)
  Duvessa (D:4)
  A black bear (D:6)
  A necrophage (D:6)
  A slave (D:6)
  An ice beast (D:8)
  2 ogres (D:8)
  4 centaurs
  2 crocodiles
  A big kobold (D:8)
  2 bullfrogs
  Dowan (D:4)
  A scorpion (D:8)
  A killer bee (D:8)
  A howler monkey (D:6)
  A centaur zombie (D:8)
  2 crimson imps
  2 bullfrog zombies
  A jelly (D:9)
  A quasit (D:8)
  2 orc wizards (D:5)
  3 orc priests
  A bullfrog skeleton (D:5)
  2 worker ants
  Natasha (thrice) (D:2)
  A hound skeleton (D:8)
  Robin (D:2)
  A worker ant zombie (D:8)
  11 adders
  A gnoll (D:1)
  A howler monkey skeleton (D:4)
  A shadow imp (D:6)
  An ooze (D:3)
  A worm (D:3)
  An adder skeleton (D:6)
  2 leopard geckos
  9 orcs
  2 giant cockroaches
  16 goblins
  A hobgoblin (D:1)
  4 jackals (D:7)
  6 kobolds
  4 quokkas
  3 bats
  A rat (D:1)
113 creatures vanquished.

Notes
Turn   | Place    | Note
-------+----------+-------------------------------------------
     0 | D:1      | SpeedrunTech the Minotaur Berserker began the quest for the Orb.
     0 | D:1      | Reached XP level 1. HP: 19/19 MP: 0/0
    17 | D:1      | Reached skill level 4 in Axes
    17 | D:1      | Reached XP level 2. HP: 24/27 MP: 1/1
   193 | D:2      | Noticed Robin
   196 | D:2      | Killed Robin
   196 | D:2      | Reached XP level 3. HP: 33/33 MP: 2/2
   198 | D:2      | Noticed Natasha
   202 | D:2      | Killed Natasha
   202 | D:2      | Reached ** piety under Trog
   202 | D:2      | Reached skill level 5 in Axes
   207 | D:2      | Reached XP level 4. HP: 41/41 MP: 3/3
   391 | D:2      | Noticed Natasha
   398 | D:2      | Killed Natasha
   398 | D:2      | Reached skill level 6 in Axes
   538 | D:2      | Noticed Natasha
   554 | D:2      | HP: 3/61 [white imp/puff of frost[Natasha] (9)]
   555 | D:2      | Killed Natasha
   555 | D:2      | Reached XP level 5. HP: 4/47 MP: 4/4
   810 | D:3      | Reached skill level 5 in Fighting
   848 | D:4      | Found an iron altar of Okawaru.
   871 | D:4      | Noticed Dowan
   872 | D:4      | Noticed Duvessa
   880 | D:4      | Killed Dowan
   883 | D:4      | Killed Duvessa
   883 | D:4      | Reached skill level 7 in Axes
   883 | D:4      | Reached XP level 6. HP: 54/56 MP: 5/5
  1000 | D:4      | Noticed Menkaure
  1006 | D:4      | Killed Menkaure
  1094 | D:4      | Found a staircase to the Ecumenical Temple.
  1167 | D:3      | Found a basalt altar of Yredelemnul.
  1357 | D:5      | Entered Level 5 of the Dungeon
  1386 | D:5      | Found a burning altar of Makhleb.
  1548 | D:5      | Got a faintly humming chain mail
  1559 | D:5      | Identified the +7 chain mail "Cualy" {+Blink Int+3} (You found it on level 5 of the Dungeon)
  1582 | D:5      | Reached skill level 8 in Axes
  1582 | D:5      | Reached XP level 7. HP: 53/64 MP: 6/6
  1907 | D:6      | Found a shattered altar of Ashenzari.
  1919 | D:6      | Reached skill level 9 in Axes
  1979 | D:6      | Noticed Pikel
  1990 | D:6      | Killed Pikel
  1990 | D:6      | Reached skill level 10 in Axes
  1990 | D:6      | Reached XP level 8. HP: 74/74 MP: 7/7
  1991 | D:6      | Reached *** piety under Trog
  2266 | D:7      | Reached skill level 11 in Axes
  2329 | D:8      | Noticed a two-headed ogre
  2337 | D:8      | Killed a two-headed ogre
  2337 | D:8      | Reached skill level 12 in Axes
  2337 | D:8      | Reached XP level 9. HP: 83/83 MP: 8/8
  2469 | D:8      | Noticed SpeedrunTech's ghost (novice MiBe)
  2480 | D:8      | Killed SpeedrunTech's ghost
  2864 | D:8      | Reached skill level 13 in Axes
  2968 | D:8      | Found a snail-covered altar of Cheibriados.
  3500 | D:8      | Reached skill level 10 in Fighting
  3586 | D:8      | Reached skill level 5 in Armour
  3825 | D:9      | Got a transparent bronze amulet
  3826 | D:9      | Identified the amulet of the Pure Dances {Inacc rElec MR++ Str+2 Dex-2} (You found it on level 9 of the Dungeon)
  3835 | D:9      | Reached XP level 10. HP: 83/93 MP: 9/9
  3931 | D:9      | HP: 9/93 [hippogriff (1)]
  3934 | D:9      | HP: 4/93 [basilisk (3)]
  3936 | D:9      | Mangled by a basilisk

Skill      XL: |  1  2  3  4  5  6  7  8  9 |
---------------+----------------------------+-----
Axes           | 4 5 6 7 8 10 12 13 | 13.7
Fighting       | 4 5 6 7 9 10 | 10.2
Armour         | 5 |  5.6
Dodging        | |  2.1

Action                   |  1- 3 |  4- 6 |  7- 9 | 10-12 || total
-------------------------+-------+-------+-------+-------++-------
Melee: Hand axe          |    28 |    55 |   245 |    21 ||   349
       Headbutt          |     3 |    12 |    48 |     4 ||    67
Invok: Berserk           |     2 |     6 |     3 |     1 ||    12
       Trog's Hand       |       |     1 |       |     1 ||     2
  Use: Scroll            |       |     1 |       |       ||     1
       Potion            |       |       |       |     1 ||     1
  Eat: Chunk             |       |     8 |     6 |       ||    14
       Bread ration      |       |       |     2 |       ||     2
Armor: Animal skin       |     2 |     5 |       |       ||     7
       Chain mail        |       |     3 |   136 |    49 ||   188
Dodge: Dodged            |    21 |    32 |   102 |     9 ||   164
